 Dungeon Crawl Stone Soup version 0.21.1-1-g345015f (webtiles) character file.

456 buskinjo the Magician (level 6, -3/41 HPs)
             Began as a Mummy Necromancer on May 25, 2018.
             Slain by an adder (5 damage)
             ... in a sewer.
             The game lasted 00:11:59 (5402 turns).

buskinjo the Magician (Mummy Necromancer)           Turns: 5402, Time: 00:12:00

Health: -3/41      AC:  2    Str: 11    XL:     6   Next: 77%
Magic:  1/16       EV: 12    Int: 17    God:
Gold:   192        SH:  0    Dex: 12    Spells: 6/20 levels left

rFire    x . .     SeeInvis .   k - +0 rapier
rCold    + . .     Gourm    .   (no shield)
rNeg     + + +     Faith    .   a - +0 robe
rPois    ∞         Spirit   .   (no helmet)
rElec    .         Reflect  .   (no cloak)
rCorr    .         Harm     .   (no gloves)
MR       .....                  (no boots)
Stlth    +.........             (no amulet)
HPRegen  0.13/turn              (no ring)
MPRegen  0.15/turn              (no ring)

@: about to teleport, very slightly contaminated, very slow
A: no food or potions, fire vulnerability, cold resistance 1, negative energy
resistance 3, torment resistance, unbreathing
a: no special abilities


You were in a sewer.
You were not hungry.

You visited 1 branch of the dungeon, and saw 5 of its levels.
You also visited: Sewer.

You collected 192 gold pieces.

Inventory:

Hand Weapons
 k - a +0 rapier (weapon)
Missiles
 c - 113 stones (quivered)
 i - a throwing net
Armour
 a - a +0 robe (worn)
 e - a -2 helmet
 l - a +0 leather armour
Wands
 g - a wand of acid (8)
Scrolls
 d - 2 scrolls of remove curse
 f - 2 scrolls of magic mapping
 j - a scroll of blinking
 m - a scroll of enchant weapon {unknown}
 n - a scroll of identify
Books
 b - a book of Necromancy

   Spells                             Type                      Level
   a - Pain                           Necromancy                   1
   b - Animate Skeleton               Necromancy                   1
   c - Vampiric Draining              Necromancy                   3
   d - Regeneration                   Charms/Necromancy            3
   e - Animate Dead                   Necromancy                   4
   f - Borgnjor's Vile Clutch         Necromancy/Earth             5


   Skills:
 - Level 1.5 Dodging
 - Level 1.5 Stealth
 - Level 7.8 Spellcasting
 + Level 4.5 Necromancy
 * Level 2.1 Earth Magic


You had 6 spell levels left.
You knew the following spells:

 Your Spells              Type           Power        Failure   Level  Hunger
a - Pain                  Necr           ###.         1%          1    N/A
b - Animate Skeleton      Necr           N/A          1%          1    N/A
c - Vampiric Draining     Necr           ###.......   4%          3    N/A
d - Animate Dead          Necr           N/A          17%         4    N/A
e - Borgnjor's Vile Clut  Necr/Erth      ###.......   58%         5    N/A

Dungeon Overview and Level Annotations

Branches:
Dungeon (5/15)
 Temple: D:4-7

Altars:
Elyvilon


Innate Abilities, Weirdness & Mutations

You do not eat or drink.
Your flesh is vulnerable to fire.
You are immune to poison.
Your flesh is cold resistant. (rC+)
You are immune to negative energy. (rN+++)
You are immune to unholy pain and torment.
You can survive without breathing.


Message History

The adder bites you but does no damage.
You enter the shallow water.
Moving in this stuff is going to be slow.
The adder bites you.
* * * LOW HITPOINT WARNING * * *
The frilled lizard barely misses you.
Unknown command.
The adder closely misses you. The adder bites you.
* * * LOW HITPOINT WARNING * * *
You see here a frilled lizard corpse.
Unknown command.
As you read the scroll of teleportation, it crumbles to dust.
You feel strangely unstable. The ball python closely misses you.
The ball python grabs you. The ball python constricts you. The adder bites you.
* * * LOW HITPOINT WARNING * * *
The ball python bites you.
* * * LOW HITPOINT WARNING * * *
The ball python constricts you.
You escape the ball python's grasp.
The adder bites you.
You die...

#≈≈≈##≈≈≈## ≈≈J≈≈..≈≈≈##†≈≈##.≈≈
#≈..#≈.≈≈# ≈≈≈.$?..≈≈≈#≈≈≈.#≈≈≈
#≈≈≈#≈.≈≈# ≈≈≈≈.$(?...#≈≈.≈#≈≈.
#.≈÷#≈≈≈≈# ≈≈.≈≈≈.≈≈.≈#≈≈≈≈#≈≈≈
#.≈≈##≈≈†## ≈.≈≈≈.≈.≈≈≈#≈.≈##≈≈≈
#≈≈≈≈#..†.##≈≈≈≈.≈≈..≈≈#≈≈≈#≈≈≈≈
##≈..##≈≈≈≈###≈≈≈≈≈#≈≈##≈≈##.≈≈#
#≈≈≈≈##≈.≈≈≈#######≈≈#≈†##≈≈≈.#
##..≈≈###.≈≈≈.@SS..≈##.≈#≈≈≈.##
##≈≈†≈≈####≈≈≈≈l...#≈≈.≈≈≈.##
##≈.≈≈≈≈≈#≈∩.#######.≈≈####
#####≈≈≈.#####≈≈≈≈≈#≈≈##
#∩†≈####≈≈≈††≈≈≈†≈≈####
##≈...†#########≈≈.#
###.∩..≈.≈≈≈≈≈≈≈≈≈#
#####.≈≈≈≈≈≈.≈.≈# #############


You could see an adder, a ball python and a frilled lizard.

Vanquished Creatures
  A bullfrog (Sewer)
  An orc priest (D:3)
  A worker ant (D:4)
  16 adders
  A gnoll (D:1)
  A river rat (D:5)
  7 oozes
  A worm (D:3)
  2 dart slugs (D:1)
  8 leopard geckos
  5 orcs (D:3)
  18 ball pythons
  12 giant cockroaches
  6 goblins
  13 hobgoblins
  3 jackals (D:2)
  10 kobolds
  A quokka (D:2)
  15 bats
  18 frilled lizards
  A quokka skeleton (D:4)
  2 rats
143 creatures vanquished.

Notes
Turn   | Place    | Note
-------+----------+-------------------------------------------
     0 | D:1      | buskinjo the Mummy Necromancer began the quest for the Orb.
     0 | D:1      | Reached XP level 1. HP: 13/13 MP: 4/4
     9 | D:1      | Learned a level 1 spell: Animate Skeleton
    52 | D:1      | Reached skill level 3 in Spellcasting
   456 | D:1      | Reached XP level 2. HP: 19/19 MP: 4/6
   564 | D:1      | Reached skill level 4 in Spellcasting
  1120 | D:1      | Reached XP level 3. HP: 24/24 MP: 1/8
  1828 | D:1      | Reached skill level 5 in Spellcasting
  2099 | D:2      | Reached XP level 4. HP: 19/30 MP: 2/11
  2251 | D:2      | Found a white marble altar of Elyvilon.
  2372 | D:2      | Reached skill level 6 in Spellcasting
  2731 | D:3      | Learned a level 3 spell: Vampiric Draining
  2736 | D:3      | Learned a level 4 spell: Animate Dead
  2880 | D:3      | Reached XP level 5. HP: 29/35 MP: 9/14
  3379 | D:3      | Reached skill level 7 in Spellcasting
  4068 | D:4      | Noticed a phantom
  4138 | D:5      | Entered Level 5 of the Dungeon
  4138 | D:5      | Found a glowing drain.
  4192 | Sewer    | Entered a sewer
  4343 | Sewer    | Reached XP level 6. HP: 30/41 MP: 11/16
  4365 | Sewer    | Learned a level 5 spell: Borgnjor's Vile Clutch
  4913 | Sewer    | Reached skill level 1 in Earth Magic
  5401 | Sewer    | HP: 2/41 [ball python (1)]
  5402 | Sewer    | Slain by an adder

Skill      XL: |  1  2  3  4  5  6 |
---------------+-------------------+-----
Spellcasting   | 3 4 5 6 7 |  7.8
Earth Magic    | 2 |  2.1
Dodging        | |  1.5
Stealth        | |  1.5
Necromancy     | |  4.5

Action                   |  1- 3 |  4- 6 || total
-------------------------+-------+-------++-------
Melee: Unarmed           |     2 |       ||     2
       Short sword       |       |     5 ||     5
       Rapier            |       |    12 ||    12
 Cast: Pain              |    84 |   238 ||   322
       Vampiric Draining |       |     5 ||     5
  Use: Scroll            |       |     7 ||     7
Armor: Robe              |     9 |    15 ||    24
Dodge: Dodged            |    28 |   106 ||   134
